Map: Para Site LE

Players

Lambo - Winner!

  • Race: Zerg Zerg
  • League: Master
  • Spawn Location: 5:00

Rail

  • Race: Protoss Protoss
  • League: Grandmaster
  • Spawn Location: 11:00

VOD

Have the link to the VOD?

Description

Time

  • Played on: Dec. 8, 2018, 10:26 a.m.
  • Length: 10:35
Show
View Real Time Build Order
Export as new Build Order

Lambo Zerg - Winner!

Build Orders: Hatch First 

Get SALT Encoding   

  12  0:01  Drone  
  13  0:13  Overlord  
  13  0:17  Drone  
  14  0:34  Drone x2  
  16  0:48  Hatchery  
  15  0:51  Drone  
  15  0:56  Drone  
  17  0:59  Drone  
  18  1:09  Extractor  
  17  1:13  Spawning Pool  
  17  1:16  Drone  
  17  1:20  Drone  
  18  1:30  Drone  
  19  1:40  Drone  
  20  1:51  Overlord  
  20  2:02  Queen x2  
  20  2:03  Drone, Zergling x2  
  26  2:11  Metabolic Boost  
  26  2:12  Drone x2  
  28  2:22  Drone x2  
  30  2:35  Hatchery  
  30  2:36  Drone  
  30  2:42  Drone  
  30  2:43  Drone  
  32  2:47  Overlord  
  32  2:53  Queen  
  35  2:58  Drone x2  
  36  3:06  Drone x2  
  36  3:11  Drone x2  
  40  3:13  Drone x2, Overlord  
  40  3:18  Drone x2  
  44  3:26  Overlord  
  44  3:31  Queen  
  46  3:36  Drone x2  
  48  3:46  Spore Crawler  
  48  3:47  Spore Crawler, Queen  
  48  3:49  Drone x4  
  48  3:52  Overlord  
  48  3:53  Zergling x4  
  54  3:57  Zergling x2  
  55  4:04  Overlord  
  55  4:05  Drone x3  
  58  4:11  Overlord  
  58  4:12  Drone  
  58  4:13  Drone  
  58  4:15  Drone x3  
  63  4:18  Drone  
  63  4:21  Evolution Chamber  
  63  4:22  Lair  
  63  4:26  Drone x2  
  63  4:29  Drone  
  66  4:32  Drone  
  66  4:36  Drone  
  66  4:37  Drone x3  
  70  4:39  Extractor  
  70  4:40  Drone x3, Extractor  
  70  4:45  Drone x2  
  73  4:46  Baneling Nest  
  73  4:47  Zerg Melee Weapons Level 1  
  73  4:49  Overlord  
  73  4:51  Drone  
  73  4:53  Zergling x2, Extractor  
  73  4:54  Extractor  
  73  4:56  Zergling x2  
  73  4:58  Drone x2  
  75  5:01  Drone  
  75  5:04  Drone x3  
  75  5:06  Drone x2  
  81  5:10  Extractor  
  81  5:12  Drone x3  
  83  5:15  Drone  
  84  5:22  Drone x3  
  84  5:24  Hydralisk Den  
  83  5:28  Spore Crawler  
  83  5:32  Overlord x3  
  83  5:35  Spore Crawler  
  81  5:38  Spore Crawler  
  81  5:39  Spore Crawler  
  81  5:40  Spore Crawler x2  
  75  5:43  Spore Crawler, Overlord  
  75  5:46  Overlord x2  
  75  5:47  Overlord  
  75  5:49  Queen  
  70  5:50  Queen  
  70  5:52  Spire  
  70  5:53  Drone  
  70  5:55  Drone x2  
  68  5:59  Grooved Spines  
  68  6:00  Drone x2  
  68  6:02  Drone  
  69  6:04  Drone x2  
  69  6:06  Drone x2  
  69  6:10  Overlord  
  73  6:15  Queen  
  73  6:16  Drone  
  76  6:24  Drone  
  76  6:25  Drone, Queen  
  78  6:27  Hatchery  
  78  6:28  Drone x3  
  78  6:32  Drone  
  83  6:34  Overlord  
  83  6:38  Drone  
  82  6:42  Zerg Melee Weapons Level 2  
  82  6:43  Centrifical Hooks  
  82  7:05  Zerg Flyer Armor Level 1  
  82  7:08  Drone x3, Overlord  
  85  7:17  Corruptor x6  
  97  7:23  Corruptor  
  97  7:29  Extractor  
  98  7:30  Corruptor  
  98  7:34  Corruptor, Extractor  
  101  7:37  Drone x9  
  101  7:42  Muscular Augments  
  110  7:46  Corruptor  
  110  7:48  Drone x3, Queen  
  117  7:57  Infestation Pit  
  114  7:59  Zergling x12  
  120  8:08  Zergling x6  
  122  8:16  Hydralisk x3, Zergling x2  
  122  8:17  Zergling x8  
  132  8:20  Hydralisk x2  
  132  8:26  Hydralisk x3  
  142  8:34  Overlord x2  
  142  8:47  Baneling x6  
  142  8:51  Overlord  
  142  8:56  Hive  
  142  8:57  Hydralisk x8  
  158  9:09  Hatchery, Zergling x6  
  160  9:10  Overlord x3  
  160  9:16  Zergling x14  
  167  9:28  Corruptor x6  
  173  9:32  Corruptor  
  173  9:36  Zergling x2  
  173  9:37  Zergling x14  
  181  9:40  Hydralisk  
  181  9:41  Zergling x6  
  182  9:49  Baneling  
  182  9:50  Baneling x14  
  182  9:56  Zergling x16  
  182  9:57  Baneling  
  182  9:58  Baneling  
  190  10:02  Baneling x9  
  190  10:06  Zergling x4  
  192  10:08  Baneling x5  
  191  10:18  Zergling x20  
Show
View Real Time Build Order
Export as new Build Order

Rail Protoss 

Build Orders: 1 Gate Expand, Phoenix Opening, Mass Phoenix 

Get SALT Encoding   

  12  0:00  Probe  
  13  0:12  Probe  
  14  0:19  Pylon  
  14  0:24  Probe  
  15  0:33  Probe  
  15  0:39  Gateway  
  15  0:41  Probe  
  16  0:48  Assimilator  
  17  0:51  Probe  
  18  1:03  Probe  
  19  1:21  Nexus  
  19  1:30  Cybernetics Core  
  19  1:34  Probe  
  19  1:39  Assimilator  
  20  1:46  Probe  
  21  1:53  Pylon  
  21  1:55  Probe  
  22  2:02  Adept  
  22  2:03  Probe  
  23  2:12  Probe  
  26  2:19  Stargate  
  26  2:24  Probe  
  27  2:30  Adept, Probe  
  27  2:36  Probe, Warp Gate  
  31  2:39  Probe  
  32  2:48  Probe x2  
  34  2:57  Phoenix  
  34  3:00  Probe x2  
  38  3:12  Probe x2  
  40  3:16  Pylon  
  40  3:24  Probe  
  40  3:25  Probe  
  45  3:27  Gateway  
  45  3:34  Adept  
  45  3:35  Shield Battery  
  45  3:36  Probe  
  45  3:39  Assimilator  
  45  3:40  Phoenix  
  48  3:43  Stargate  
  48  3:44  Probe  
  48  3:47  Assimilator  
  48  3:50  Probe  
  48  3:54  Pylon  
  49  3:56  Probe, Phoenix  
  50  4:03  Probe  
  50  4:07  Pylon  
  50  4:08  Probe  
  54  4:15  Probe  
  55  4:18  Phoenix  
  55  4:23  Phoenix  
  59  4:33  Probe  
  59  4:36  Probe, Phoenix  
  61  4:43  Pylon, Phoenix  
  61  4:45  Probe  
  64  4:49  Probe  
  64  4:51  Pylon  
  67  4:58  Phoenix  
  69  5:08  Nexus, Phoenix  
  69  5:11  Shield Battery  
  71  5:16  Phoenix  
  71  5:22  Robotics Facility  
  71  5:27  Forge  
  73  5:29  Sentry  
  73  5:31  Zealot  
  73  5:33  Probe  
  73  5:34  Probe  
  79  5:45  Probe  
  79  5:46  Probe  
  81  5:57  Probe  
  81  5:58  Probe  
  83  6:07  Protoss Ground Weapons Level 1  
  83  6:10  Probe x2  
  85  6:11  Robotics Facility  
  85  6:12  Robotics Bay  
  85  6:16  Immortal  
  85  6:17  Pylon  
  85  6:18  Probe  
  85  6:20  Probe x2  
  92  6:27  Probe  
  92  6:28  Probe x2  
  95  6:35  Probe  
  95  6:36  Probe  
  95  6:37  Probe  
  94  6:41  Assimilator  
  94  6:42  Assimilator  
  94  6:43  Pylon  
  94  6:44  Forge  
  94  6:45  Twilight Council  
  96  6:47  Probe  
  96  6:48  Probe  
  96  6:51  Pylon  
  98  6:55  Colossus  
  98  6:57  Colossus  
  98  7:01  Protoss Ground Armor Level 1  
  98  7:08  Gateway  
  110  7:09  Gateway  
  110  7:12  Gateway  
  110  7:14  Gateway, Probe  
  110  7:15  Gateway  
  111  7:18  Extended Thermal Lance  
  111  7:24  Blink  
  111  7:35  Pylon  
  111  7:36  Pylon  
  111  7:37  Sentry  
  111  7:38  Pylon  
  111  7:41  Pylon  
  111  7:42  Colossus  
  113  7:48  High Templar x2  
  119  7:51  Gateway, Colossus  
  119  7:53  Pylon  
  119  7:55  Pylon  
  125  7:59  Protoss Ground Weapons Level 2  
  125  8:07  Pylon  
  125  8:08  Pylon  
  125  8:20  Pylon  
  125  8:36  Warp Prism  
  125  8:37  Nexus  
  125  8:38  Pylon  
  127  8:43  Stalker x2  
  127  8:44  Stalker x4  
  127  8:45  Colossus, Stalker  
  147  8:57  Stalker  
  147  9:00  Shield Battery  
  149  9:03  Photon Cannon  
  149  9:07  Photon Cannon  
  149  9:09  Stalker x3  
  155  9:11  Sentry  
  155  9:14  Observer  
  155  9:16  Stalker  
  160  9:19  Stalker  
  160  9:33  Stalker  
  160  9:34  Stalker x3  
  166  9:43  Stalker x2  
  168  9:47  Stalker x2  
  172  9:57  Stalker x4  
  180  10:08  Stalker x2  
  180  10:10  Assimilator  
  180  10:11  Stalker  
  180  10:12  Assimilator, Stalker  
  88  10:31  Stalker, Sentry  
  88  10:32  Stalker  
Tags
 
Add a new tag
Caveats
  • Supply blocks, unpowered buildings, or Contaminate may cause inaccurate times.
  • Supply counts are checked every 10 seconds.